 Dungeon Crawl Stone Soup version 0.29-a0-330-g52719c12eb (webtiles) character file.

Game seed: 13778835516919336502

87 Argons the Agent of Entropy (level 4, -1/48 HPs)
             Began as an Ogre Abyssal Knight on Apr 16, 2022.
             Was a Priest of Lugonu.
             Slain by an orc priest
             ... wielding a +0 mace
              (3 damage)
             ... on level 3 of the Dungeon.
             The game lasted 00:08:13 (1752 turns).

Argons the Agent of Entropy (Ogre Abyssal Knight)   Turns: 1752, Time: 00:08:13

Health: -1/48      AC:  4    Str: 19    XL:     4   Next: 51%
Magic:  7/7        EV: 10    Int: 11    God:    Lugonu [***...]
Gold:   198        SH:  0    Dex:  9    Spells: 3/3 levels left

rFire   . . .      SeeInvis .   a - +1 falchion
rCold   . . .      Faith    .   (no shield)
rNeg    . . .      Spirit   .   b - +0 robe
rPois   .          Reflect  .   (helmet restricted)
rElec   .          Harm     .   g - +0 cloak
rCorr   .          Rampage  .   (gloves unavailable)
Will    .....                   (boots unavailable)
Stlth   +.........              (no amulet)
HPRegen 0.16/turn               (no ring)
MPRegen 0.10/turn               (no ring)

@: no status effects
A: large, unfitting armour, tough skin 1
a: Renounce Religion, Depart the Abyss, Bend Space, Banish


You were on level 3 of the Dungeon.
You worshipped Lugonu.
Lugonu was most pleased with you.
You visited 1 branch of the dungeon, and saw 3 of its levels.
You visited the Abyss 1 time.

You collected 198 gold pieces.

Inventory:

Hand Weapons
 a - a +1 falchion (weapon)
 l - a +0 whip
Missiles
 n - 5 atropa-tipped darts
Armour
 b - a +0 robe (worn)
 g - a +0 cloak (worn)
Scrolls
 c - 3 scrolls of immolation {unknown}
 d - 2 scrolls of fog
 h - 2 scrolls of teleportation
 m - a scroll of silence {unknown}
 o - a scroll of vulnerability {unknown}
Potions
 e - a potion of attraction
 f - a potion of heal wounds {unknown}
 i - 2 potions of berserk rage {unknown}
 j - a potion of might
 k - a potion of curing
 p - a potion of resistance
 q - 2 potions of haste {unknown}


   Skills:
 - Level 4.0 Fighting
 - Level 1.7 Long Blades
 + Level 2.0 Maces & Flails
 - Level 2.1 Dodging
 + Level 4.1 Invocations


You had 3 spell levels left.
You didn't know any spells.
Your spell library contained the following spells:

 Spells                   Type           Power      Damage    Failure   Level
 Conjure Flame            Conj/Fire      0%         6-21      71%         3
 Ignite Poison            Fire/Tmut/Pois 0%         N/A       71%         3
 Sticky Flame             Conj/Fire      0%         2d3       98%         4
 Borgnjor's Revivificati  Necr           0%         N/A       100%        8
 Necromutation            Tmut/Necr      0%         N/A       100%        8
 Death's Door             Necr           0%         N/A       100%        9


Dungeon Overview and Level Annotations

Branches:
Dungeon (3/15)

Altars:


Innate Abilities, Weirdness & Mutations

You are too large for most types of armour.
You have tough skin. (AC +1)


Message History

You barely resist. You hit the orc priest.
The orc priest is lightly wounded.
The orc priest hits you with a +0 mace.
The orc priest looks satisfied for a moment.
You closely miss the orc priest.
The orc priest is lightly wounded.
The orc priest invokes the aid of Beogh against you.
Pain shoots through your body!
You closely miss the orc priest.
The orc priest is lightly wounded.
The orc priest hits you with a +0 mace.
You closely miss the orc priest.
The orc priest is lightly wounded.
The orc priest hits you but does no damage.
You closely miss the orc priest.
The orc priest is lightly wounded.
The orc priest barely misses you.
You closely miss the orc priest.
The orc priest is lightly wounded.
The orc priest misses you. x2
You hit the orc priest.
The orc priest is lightly wounded.
The orc priest hits you with a +0 mace.
You hit the orc priest but do no damage.
The orc priest is lightly wounded.
The orc priest hits you with a +0 mace!
* * * LOW HITPOINT WARNING * * *
You hit the orc priest.
The orc priest is moderately wounded.
The orc priest hits you with a +0 mace.
* * * LOW HITPOINT WARNING * * *
You hit the orc priest.
The orc priest is moderately wounded.
The orc priest barely misses you. The orc priest hits you with a +0 mace.
* * * LOW HITPOINT WARNING * * *
You closely miss the orc priest.
The orc priest is moderately wounded.
The orc priest hits you with a +0 mace.
You die...

##............####
.+............'..#
##............##..#
#............# .##
#............# ..#
#............# #.#
#............# #.########
##............####.#.....o.
................@o.+.......
############.#####.#.......
........ ..# #......l..
..##### ## ####'##########
..# #.............. ..#
#..........### ..#
#..........# ..#
####..........#
..###########.............#


You could see an orc priest.

Vanquished Creatures
  Jessica (D:2)
  An adder (D:2)
  2 dart slugs
  2 orcs (D:3)
  7 endoplasms
  A giant cockroach (D:1)
  5 goblins
  3 hobgoblins
  2 quokkas
  2 ball pythons (D:1)
  6 bats
  5 frilled lizards
  3 kobolds
  6 rats
46 creatures vanquished.

Vanquished Creatures (others)
  4 plants (D:1)
4 creatures vanquished.

Grand Total: 50 creatures vanquished

Notes
Turn   | Place    | Note
-------+----------+-------------------------------------------
     0 | Abyss:1  | Argons the Ogre Abyssal Knight began the quest for the Orb.
     0 | Abyss:1  | Reached XP level 1. HP: 24/24 MP: 2/2
    14 | Abyss:1  | Found a corrupted altar of Lugonu.
    37 | Abyss:1  | Found a corrupted altar of Lugonu.
    40 | D:1      | Escaped the Abyss
   107 | D:1      | Reached XP level 2. HP: 31/32 MP: 4/4
   341 | D:1      | Found a faded altar of an unknown god.
   550 | D:1      | Reached *** piety under Lugonu
   551 | D:1      | Reached XP level 3. HP: 33/39 MP: 5/5
   925 | D:2      | Reached skill level 1 in Maces & Flails
  1356 | D:2      | Noticed Jessica
  1381 | D:2      | Killed Jessica
  1382 | D:2      | Reached XP level 4. HP: 43/48 MP: 5/7
  1751 | D:3      | HP: 2/48 [orc priest/+0 mace (1)]
  1752 | D:3      | Slain by an orc priest

Illustrated notes

Levels and vault maps discovered:
D:1:      dpeg_arrival_rooms_with_view, layout_basic,
          shapermc_ecumenical_altar_mp_urbaneastern
D:2:      layout_basic, minmay_misc_feat_five, uniq_jessica
D:3:      layout_basic

Skill      XL: |  1  2  3  4 |
---------------+-------------+-----
Invocations    | 3 4 |  4.1
Maces & Flails | 1 2 |  2.0
Fighting       | |  4.0
Long Blades    | |  1.7
Dodging        | |  2.1

Action                   |  1- 3 |  4- 6 || total
-------------------------+-------+-------++-------
Melee: Falchion          |   114 |    43 ||   157
       Punch             |     2 |       ||     2
  Use: Scroll            |     5 |       ||     5
 Stab: Sleeping          |     1 |       ||     1
Armor: Robe              |    41 |     7 ||    48
Dodge: Dodged            |    64 |    17 ||    81

Table legend: (Time is in decaauts)
 A = Elapsed time spent in this place.
 B = Non-inter-level travel time spent in this place.
 C = Inter-level travel time spent in this place.
 D = Time resting spent in this place.
 E = Time spent auto-exploring this place.
 F = Levels seen in this place.
 G = Mean time per level.
                   A        B        C        D        E       F      G
               +--------+--------+--------+--------+--------+-----+--------+
         Total |   1784 |   1694 |     90 |    202 |    426 |   4 |  446.0 |
       Dungeon |   1744 |   1654 |     90 |    202 |    426 |   3 |  581.3 |
         Abyss |     40 |     40 |      0 |      0 |      0 |   1 |   40.0 |
               +--------+--------+--------+--------+--------+-----+--------+

Top non-repeatable levels by time:
     D:2: 782 daAuts
     D:1: 782 daAuts
     D:3: 179 daAuts
 Abyss:1: 40 daAuts
